 Dungeon Crawl Stone Soup version 0.27-a0-1500-g450c7e4133 (webtiles) character file.

Game seed: 9566872850935905795

7009 Spaninq the Destroyer (level 10, 0/86 HPs)
             Began as a Green Draconian Conjurer on July 7, 2021.
             Was a Believer of Vehumet.
             Slain by a boulder beetle (11 damage)
             ... on level 9 of the Dungeon.
             The game lasted 00:50:44 (11146 turns).

Spaninq the Destroyer (Green Draconian Conjurer)   Turns: 11146, Time: 00:50:44

Health: 0/86       AC: 11    Str:  9    XL:     10   Next: 82%
Magic:  7/23       EV: 16    Int: 29    God:    Vehumet [**....]
Gold:   495        SH:  4    Dex:  9    Spells: 18/27 levels left

rFire    . . .     SeeInvis .   y - staff of conjuration
rCold    . . .     Faith    .   h - +0 buckler
rNeg     . . .     Spirit   .   (armour unavailable)
rPois    +         Reflect  .   (helmet restricted)
rElec    .         Harm     .   w - +0 cloak
rCorr    .         Rampage  .   g - +2 pair of gloves
Will     .....                  (no boots)
Stlth    ++........             o - amulet of regeneration
HPRegen  1.24/turn              k - +4 ring of evasion
MPRegen  0.18/turn              p - +6 ring of intelligence

@: very slightly contaminated, invisible
A: breathe noxious fumes, AC +7, unfitting armour, poison resistance,
cold-blooded
a: Breathe Noxious Fumes, Renounce Religion


You were on level 9 of the Dungeon.
You worshipped Vehumet.
Vehumet was pleased with you.
You visited 2 branches of the dungeon, and saw 10 of its levels.
You also visited: Ossuary.

You collected 495 gold pieces.

Inventory:

Hand Weapons
 q - a +2 hand axe of electrocution
Missiles
 d - 193 stones
 t - 2 throwing nets
Armour
 g - a +2 pair of gloves (worn)
 h - a +0 buckler (worn)
 w - a +0 cloak (worn)
Magical Staves
 y - a staff of conjuration (weapon)
Jewellery
 a - an amulet of guardian spirit
 k - a +4 ring of evasion (left hand)
 n - a ring of ice
 o - an amulet of regeneration (around neck)
 p - a +6 ring of intelligence (right hand)
Wands
 s - a wand of iceblast (16)
 u - a wand of paralysis (9)
 x - a wand of flame (3)
Scrolls
 f - a scroll of teleportation
 r - a scroll of identify
Potions
 c - 4 potions of heal wounds
 e - 2 potions of haste
 i - a potion of brilliance {unknown}
 j - 2 potions of flight
 m - 3 potions of curing
 v - a potion of lignification {unknown}
 z - 2 potions of magic
 A - a potion of berserk rage {unknown}
 B - a potion of ambrosia {unknown}
 E - a potion of might {unknown}


   Skills:
 + Level 7.0 Fighting
 + Level 3.2 Dodging
 - Level 1.7 Stealth
 - Level 4.0 Shields
 * Level 9.2 Spellcasting
 * Level 9.6 Conjurations
 - Level 6.0 Translocations


You had 18 spell levels left.
You knew the following spells:

 Your Spells              Type           Power      Damage    Failure   Level
a - Magic Dart            Conj           100%       1d8       1%          1
b - Searing Ray           Conj           100%       3d7       1%          2
c - Iskenderun's Mystic   Conj/Tloc      73%        2d15      1%          4
e - Static Discharge      Conj/Air       58%        N/A       1%          2

Your spell library contained the following spells:

 Spells                   Type           Power      Damage    Failure   Level
 Foxfire                  Conj/Fire      100%       2x1d9     1%          1
 Dazzling Flash           Conj/Hex       100%       N/A       1%          3
 Beastly Appendage        Tmut           26%        N/A       4%          1
 Sandblast                Erth           26%        2d8       4%          1
 Fulminant Prism          Conj/Hex       29%        3d14      5%          4
 Passwall                 Tmut/Erth      10%        N/A       6%          2
 Sublimation of Blood     Necr           6%         N/A       6%          2
 Wereblood                Tmut           13%        N/A       6%          2
 Spider Form              Tmut/Pois      6%         N/A       12%         3
 Irradiate                Conj/Tmut      29%        3d23      16%         5
 Petrify                  Tmut/Erth      13%        N/A       38%         4
 Lee's Rapid Deconstruct  Erth           6%         3d7*      75%         5


Dungeon Overview and Level Annotations

Branches:
Dungeon (9/15)             Temple (1/1) D:5         Ossuary (visited)
   Lair: D:8-11         Orc: D:9-12

Altars:
Ashenzari
Cheibriados
Dithmenos
Fedhas
Gozag
Hepliaklqana
Kikubaaqudgha
Makhleb
Nemelex Xobeh
Okawaru
Qazlal
Ru
Sif Muna
Uskayaw
Vehumet
Wu Jian
Xom
Yredelemnul
Zin
The Shining One


Innate Abilities, Weirdness & Mutations

You can breathe blasts of noxious fumes.
Your lurid green scales are hard. (AC +7)
You cannot fit into any form of body armour.
Your system is resistant to poisons. (rPois)
You are cold-blooded and may be slowed by cold attacks.


Message History

Confirm with . or Enter, or press ? or * to list all spells.
Aiming: Searing Ray (safe; 1% risk of failure)
Press: ? - help, Shift-Dir - straight line, f/p - boulder beetle
Aim: a boulder beetle (moderately wounded, 100% to hit)
You feel a surge of power!
The searing ray hits the boulder beetle but does no damage.
The boulder beetle is moderately wounded. (Press . to maintain the ray.)
You block the boulder beetle's attack.
The searing ray hits the boulder beetle.
The boulder beetle is moderately wounded.
The boulder beetle bites you!!
The searing ray hits the boulder beetle.
The boulder beetle is moderately wounded.
The boulder beetle bites you.
The searing ray hits the boulder beetle!
The boulder beetle is heavily wounded.
You finish channeling your searing ray.
The boulder beetle bites you but does no damage.
You fade into invisibility!
The boulder beetle bites you!
You are very lightly contaminated with residual magic.
Casting: Searing Ray (safe; 1% risk of failure)
Confirm with . or Enter, or press ? or * to list all spells.
Aiming: Searing Ray (safe; 1% risk of failure)
Press: ? - help, Shift-Dir - straight line, f/p - boulder beetle
Aim: a boulder beetle (heavily wounded, 100% to hit)
You feel a surge of power!
The searing ray hits the boulder beetle!
The boulder beetle is heavily wounded. (Press . to maintain the ray.)
The boulder beetle bites you!!
* * * LOW HITPOINT WARNING * * *
The searing ray hits the boulder beetle!
The boulder beetle is severely wounded.
The boulder beetle closely misses you.
The searing ray hits the boulder beetle!
The boulder beetle is almost dead.
The boulder beetle bites you!
You die...

##.# #.## #.#
##...#...## #.#
##.........### #.#
#...[.........
##.######............
#.......#............
#.............B....[.
####............@.......
........)............##.
####...........##...##
#..........## ##.#
#.......#.## .#
##....###.######.#
#######.....<.......
........####.#######
.######## #........


You could see a boulder beetle.

Vanquished Creatures
  Erica (D:8)
  An ugly thing (D:8)
  Maurice (D:8)
  Joseph (D:9)
  A troll (D:7)
  3 water moccasins
  An acid dragon (D:8)
  4 orc warriors (D:8)
  2 sky beasts (D:6)
  3 black bears
  2 ice beasts
  2 hornet zombies (Ossuary)
  2 necrophages
  2 centaurs (D:5)
  2 bullfrogs
  2 gnoll sergeants
  3 scorpions
  3 water moccasin zombies (Ossuary)
  A wyvern zombie (Ossuary)
  3 killer bees (D:8)
  9 wights
  3 howler monkeys (D:8)
  9 bullfrog zombies
  10 centaur zombies
  7 hounds
  A jelly (D:6)
  Crazy Yiuf (D:7)
  4 orc priests
  Natasha (thrice) (D:4)
  6 orc wizards
  Ijyb (D:5)
  3 iguanas
  2 killer bee zombies (Ossuary)
  12 mummies (Ossuary)
  4 howler monkey zombies
  11 gnolls
  A howler monkey skeleton (D:7)
  6 adders
  4 worms
  32 orcs
  4 bats
  6 endoplasms
  8 giant cockroaches
  9 goblins
  2 hobgoblins
  9 jackals
  2 quokkas
  9 ball pythons
  15 frilled lizards
  5 kobolds
  5 rats
243 creatures vanquished.

Vanquished Creatures (others)
  7 fungi
  11 plants
  5 withered plants
23 creatures vanquished.

Grand Total: 266 creatures vanquished

Notes
Turn   | Place    | Note
-------+----------+-------------------------------------------
     0 | D:1      | Spaninq the Draconian Conjurer began the quest for the Orb.
     0 | D:1      | Reached XP level 1. HP: 14/14 MP: 3/3
   396 | D:1      | Reached XP level 2. HP: 22/22 MP: 1/5
   528 | D:1      | Learned a level 2 spell: Searing Ray
  1001 | D:1      | Reached skill level 1 in Fighting
  1201 | D:1      | Reached XP level 3. HP: 28/28 MP: 4/6
  2074 | D:2      | Reached XP level 4. HP: 35/35 MP: 5/8
  2466 | D:2      | Reached skill level 5 in Conjurations
  3317 | D:3      | Reached XP level 5. HP: 41/41 MP: 6/10
  3421 | D:3      | Noticed a black bear
  3533 | D:3      | Found an ornate altar of the Wu Jian Council.
  3948 | D:2      | Killed a black bear
  3949 | D:2      | Reached XP level 6. HP: 43/50 MP: 3/12
  4094 | D:3      | Found a hide-covered altar of Uskayaw.
  4167 | D:3      | Found a faded altar of an unknown god.
  4688 | D:4      | Found a sacrificial altar of Ru.
  4986 | D:4      | Found an iron altar of Okawaru.
  5022 | D:4      | Noticed Natasha
  5027 | D:4      | Killed Natasha
  5268 | D:4      | Noticed Natasha
  5272 | D:4      | Killed Natasha
  5273 | D:4      | Your scales start taking on a lurid green colour.
  5273 | D:4      | Reached XP level 7. HP: 57/57 MP: 8/14
  5273 | D:4      | Gained mutation: Your system is resistant to poisons.
                  | (rPois) [Green Draconian growth]
  5394 | D:4      | Noticed Natasha
  5398 | D:4      | Killed Natasha
  5597 | D:5      | Entered Level 5 of the Dungeon
  5629 | D:5      | Reached skill level 1 in Shields
  5695 | D:5      | Reached skill level 5 in Spellcasting
  5854 | D:5      | Noticed Ijyb
  5866 | D:5      | Killed Ijyb
  5873 | D:5      | Reached XP level 8. HP: 55/63 MP: 9/15
  6329 | D:5      | Found a glowing silver altar of Zin.
  6555 | D:5      | Found a burning altar of Makhleb.
  6637 | D:5      | Found a staircase to the Ecumenical Temple.
  6646 | Temple   | Entered the Ecumenical Temple
  7041 | D:6      | Learned a level 4 spell: Iskenderun's Mystic Blast
  7100 | D:6      | Reached skill level 1 in Translocations
  7254 | D:6      | Found a large runed translucent door.
  7254 | D:6      | Found a large runed translucent door.
  7462 | D:6      | Reached XP level 9. HP: 72/72 MP: 11/19
  7626 | D:6      | Found a sparkling altar of Nemelex Xobeh.
  8127 | D:6      | Found a radiant altar of Vehumet.
  8161 | D:6      | Found a shimmering blue altar of Sif Muna.
  8168 | D:6      | Became a worshipper of Vehumet
  8282 | D:7      | Reached skill level 5 in Fighting
  8465 | D:7      | Noticed a troll
  8484 | D:7      | Killed a troll
  8946 | D:7      | Found a runed translucent door.
  8947 | D:7      | Noticed Crazy Yiuf
  8952 | D:7      | Killed Crazy Yiuf
  9174 | D:8      | Reached skill level 5 in Translocations
  9239 | D:8      | Reached * piety under Vehumet
  9239 | D:8      | Offered knowledge of Foxfire by Vehumet.
  9338 | D:8      | Reached XP level 10. HP: 83/83 MP: 9/22
  9379 | D:8      | Found a sand-covered staircase.
  9383 | Ossuary  | Entered an ossuary
  9645 | Ossuary  | Learned a level 1 spell: Foxfire
  9649 | Ossuary  | Offered knowledge of Static Discharge by Vehumet.
  9653 | Ossuary  | Learned a level 2 spell: Static Discharge
  9758 | Ossuary  | Reached ** piety under Vehumet
 10216 | D:8      | Noticed a green ugly thing
 10230 | D:8      | Killed a green ugly thing
 10296 | D:8      | Identified a scroll of acquirement
 10296 | D:8      | Acquired a staff of conjuration
 10512 | D:8      | Noticed Erica
 10526 | D:8      | Killed Erica
 10552 | D:8      | Noticed Maurice
 10592 | D:8      | Killed Maurice
 10756 | D:8      | Found an ancient bone altar of Kikubaaqudgha.
 10773 | D:8      | Found a blossoming altar of Fedhas.
 11054 | D:9      | Noticed Joseph
 11066 | D:9      | Killed Joseph
 11127 | D:9      | Noticed a boulder beetle
 11146 | D:9      | Slain by a boulder beetle

Illustrated notes

Levels and vault maps discovered:
D:1:      dpeg_arrival_central, layout_basic, minmay_lizard_king
D:2:      layout_basic
D:3:      layout_rooms, mainiacjoe_overflow_alcove_1,
          mainiacjoe_overflow_cross_hatched,
          shapermc_ecumenical_altar_totnotflames, minmay_misc_feat_secret_circle
D:4:      layout_basic, mainiacjoe_overflow_alcove_4, okawaru_metal_pillars_1_2,
          uniq_natasha
D:5:      layout_loops_ring, mainiacjoe_overflow_surrounded_room,
          lemuel_tele_altar, minmay_temple_entry_poolview, lightli_minifort,
          uniq_ijyb
D:6:      layout_loops_ring, nicolae_overflow_crystal_walls,
          jmf_multi_god_temple2
D:7:      layout_basic, grunt_decor_one_mirror, uniq_crazy_yiuf_cottage
D:8:      layout_gridville, grunt_temple_overflow_growth_and_decay,
          enter_ossuary_5, uniq_maurice, uniq_erica
D:9:      layout_loops_ring, trog_ov_bears_minmay, uniq_joseph
Temple:   jpeg_temple_island

Skill      XL: |  1  2  3  4  5  6  7  8  9 10 |
---------------+-------------------------------+-----
Fighting       | 1 2 3 4 5 7 |  7.0
Spellcasting   | 3 4 5 6 8 9 |  9.2
Conjurations   | 5 6 7 8 9 |  9.6
Shields        | 3 4 |  4.0
Translocations | 2 5 6 |  6.0
Dodging        | 3 |  3.2
Stealth        | |  1.7

Action                   |  1- 3 |  4- 6 |  7- 9 | 10-12 || total
-------------------------+-------+-------+-------+-------++-------
Melee: Unarmed           |    12 |       |       |       ||    12
       Dagger            |     7 |       |       |       ||     7
       Tailslap          |     1 |       |    10 |     7 ||    18
       Hand axe          |       |     9 |   121 |    52 ||   182
       Whip              |       |     7 |       |       ||     7
       Staff             |       |       |       |     1 ||     1
 Cast: Magic Dart        |    85 |   109 |    67 |    21 ||   282
       Searing Ray       |       |    12 |    37 |    54 ||   103
       Iskenderun's Myst |       |       |     3 |     3 ||     6
 Abil: Breathe Noxious F |       |       |     3 |     2 ||     5
  Use: Scroll            |       |     5 |     6 |     7 ||    18
       Potion            |       |       |       |     1 ||     1
 Stab: Sleeping          |       |       |     3 |       ||     3
       Confused          |       |       |       |     1 ||     1
Armor: Skin              |     7 |    18 |    57 |    42 ||   124
Dodge: Dodged            |    12 |    23 |   105 |    97 ||   237
Block: Buckler           |       |       |    31 |    18 ||    49

Table legend: (Time is in decaauts)
 A = Elapsed time spent in this place.
 B = Non-inter-level travel time spent in this place.
 C = Inter-level travel time spent in this place.
 D = Time resting spent in this place.
 E = Time spent auto-exploring this place.
 F = Levels seen in this place.
 G = Mean time per level.
                   A        B        C        D        E       F      G
               +--------+--------+--------+--------+--------+-----+--------+
         Total |  11263 |  10864 |    399 |   1499 |   7026 |  11 | 1023.9 |
       Dungeon |  10157 |   9758 |    399 |   1152 |   6656 |   9 | 1128.6 |
        Temple |    258 |    258 |      0 |      0 |    241 |   1 |  258.0 |
       Ossuary |    847 |    847 |      0 |    347 |    128 |   1 |  847.0 |
               +--------+--------+--------+--------+--------+-----+--------+

Top non-repeatable levels by time:
     D:2: 1614 daAuts
     D:1: 1570 daAuts
     D:3: 1313 daAuts
     D:6: 1235 daAuts
     D:5: 1190 daAuts
     D:8: 1133 daAuts
     D:4: 1108 daAuts
 Ossuary: 847 daAuts
     D:7: 794 daAuts
  Temple: 258 daAuts
     D:9: 196 daAuts
